 Dungeon Crawl Stone Soup version 0.29.0-13-gc9e81de378 (webtiles) character file.

Game seed: 631374083862114643

263974 freelancePsychic the Hawkeye (level 21, -9/198 HPs)
             Began as a Meteoran Delver on Sept 10, 2022.
             Was a High Priest of Okawaru.
             Mangled by a golden dragon (34 damage)
             ... in the Arena.
             The game lasted 01:30:25 (13157 turns).

freelancePsychic the Hawkeye (Meteoran Delver)     Turns: 13157, Time: 01:30:26

Health: -9/198     AC: 36    Str: 19    XL:     21   Next: 16%
Magic:  24/31      EV: 21    Int: 11    God:    Okawaru [*****.]
Gold:   696        SH: 17    Dex: 25    Spells: 20/20 levels left

rFire   + . .      SeeInvis +   b - +5 scimitar "Zacig" {vamp, rF+ rC++ Str+5}
rCold   + + .      Faith    .   W - +2 kite shield {rPois}
rNeg    . . .      Spirit   .   D - +4 storm dragon scales {Bai Suzhen}
rPois   +          Reflect  .   s - +0 helmet
rElec   +          Harm     .   (no cloak)
rCorr   +          Rampage  .   p - +2 pair of gloves
Will    ++...                   E - +2 pair of boots "Camm" {rPois rCorr Int-4}
Stlth   +.........              (no amulet)
HPRegen 0.43/turn               t - +4 ring of protection
MPRegen 0.22/turn               H - ring "Cofuu" {Slay+3 SInv}

@: heroic, finesse-ful, glowing, studying Shields, duelling
A: sense surroundings 3, otherworldly, glowing, explore regen, no potion heal 1
}: 3/15 runes: serpentine, barnacled, slimy
a: Renounce Religion, Heroism, Finesse, Duel


You were in the Arena.
You worshipped Okawaru.
Okawaru was extremely pleased with you.
You visited 9 branches of the dungeon, and saw 39 of its levels.
You also visited: Gauntlet.

You collected 1849 gold pieces.
You spent 1153 gold pieces at shops.

Inventory:

Hand Weapons
 b - the +5 scimitar "Zacig" (weapon) {vamp, rF+ rC++ Str+5}
   (Okawaru gifted it to you on level 2 of the Lair of Beasts)

   It occasionally heals its wielder for a portion of the damage dealt when it
   wounds a living foe.
   Str:       It affects your strength (+5).
   rF:        It protects you from fire.
   rC:        It greatly protects you from cold.
 F - a +0 vampiric demon blade
 M - the +5 sword of Power {vorpal}
   (You found it on level 5 of the Pits of Slime)

   It inflicts extra damage upon your enemies.
   It occasionally discharges a powerful but inaccurate bolt of energy upon
   striking a foe, with increased chance the greater the wielder's current
   health.
Missiles
 d - 7 silver javelins (quivered)
 e - a datura-tipped dart
 Y - a throwing net
Armour
 o - a +0 kite shield
 p - a +2 pair of gloves (worn)
 r - +0 steam dragon scales
 s - a +0 helmet (worn)
 u - a +0 pair of boots of flying
 w - a +0 leather armour
 y - +0 fire dragon scales
 D - +4 storm dragon scales (worn) {Bai Suzhen}
 E - the +2 pair of boots "Camm" (worn) {rPois rCorr Int-4}
   (You found it in a Gauntlet)

   Int:       It affects your intelligence (-4).
   rPois:     It protects you from poison.
   rCorr:     It protects you from acid and corrosion.
 J - +3 swamp dragon scales
 V - the +2 helmet "Kootzoim" {Rampage rPois rC- Str-2}
   (Okawaru gifted it to you on level 3 of the Snake Pit)

   Str:       It affects your strength (-2).
   rC:        It makes you vulnerable to cold.
   rPois:     It protects you from poison.
   Rampage:   It bestows one free step when moving towards enemies.
 W - a +2 kite shield of poison resistance (worn)
 Z - the +9 crystal plate armour of Decompression {rElec rF- Int+5}
   (Okawaru gifted it to you on level 4 of the Snake Pit)

   Int:       It affects your intelligence (+5).
   rF:        It makes you vulnerable to fire.
   rElec:     It insulates you from electricity.
Jewellery
 t - a +4 ring of protection (left hand)
 x - a ring of poison resistance
 B - a +4 ring of slaying
 G - a ring of fire
 H - the ring "Cofuu" (right hand) {Slay+3 SInv}
   (You found it on level 4 of the Lair of Beasts)

   [ring of see invisible]

   Slay:      It affects your accuracy & damage with ranged weapons and melee
   (+3).
   SInv:      It lets you see invisible.
 P - a +6 ring of intelligence
Wands
 f - a wand of paralysis (5)
 g - a wand of digging (2)
 z - a wand of flame (8)
 N - a wand of mindburst (4)
 T - a wand of iceblast (5)
Scrolls
 c - a scroll of fog
 l - a scroll of noise
 m - 2 scrolls of teleportation {@r4}
 n - 5 scrolls of poison
 q - 2 scrolls of silence
 C - a scroll of brand weapon
 R - 2 scrolls of torment
Potions
 i - 4 potions of lignification
 j - 2 potions of degeneration
 k - 2 potions of invisibility
 v - a potion of mutation
 A - 2 potions of magic
 I - 3 potions of brilliance
 K - 3 potions of curing {@q1}
 L - a potion of haste {@q3}
 O - a potion of ambrosia
Miscellaneous
 X - a condenser vane


   Skills:
 - Level 19.3(24.3) Fighting
 - Level 7.3(15.6) Short Blades
 - Level 13.1(19.0) Long Blades
 + Level 21.0(26.0) Throwing
 - Level 14.6(19.6) Armour
 - Level 15.1(20.1) Dodging
 - Level 3.7(8.7) Stealth
 - Level 10.0(15.0) Shields
 - Level 12.0 Invocations
 - Level 3.8 Evocations


You had 20 spell levels left.
You didn't know any spells.
Your spell library contained the following spells:

 Spells                   Type           Power      Damage    Failure   Level
 Shock                    Conj/Air       0%         1d3       95%         1
 Slow                     Hex            0%         N/A       95%         1
 Sublimation of Blood     Necr           0%         N/A       99%         2
 Confusing Touch          Hex            0%         N/A       100%        3
 Conjure Flame            Conj/Fire      0%         6-21      100%        3
 Ignite Poison            Fire/Tmut/Pois 0%         N/A       100%        3
 Inner Flame              Hex/Fire       0%         N/A       100%        3
 Stone Arrow              Conj/Erth      0%         3d7       100%        3
 Swiftness                Air            0%         N/A       100%        3
 Airstrike                Air            0%         2d(0-16)  100%        4
 Anguish                  Hex/Necr       0%         N/A       100%        4
 Hailstorm                Conj/Ice       0%         3d3       100%        4
 Ice Form                 Ice/Tmut       0%         N/A       100%        4
 Petrify                  Tmut/Erth      0%         N/A       100%        4
 Sticky Flame             Conj/Fire      0%         2d3       100%        4
 Irradiate                Conj/Tmut      0%         3d11      100%        5
 Enfeeble                 Hex            0%         N/A       100%        7
 Lehudib's Crystal Spear  Conj/Erth      0%         10d2      100%        8
 Animate Armour           Summ/Erth      Unusable   N/A       N/A         4
 Summon Mana Viper        Hex/Summ       Unusable   N/A       N/A         5
 Simulacrum               Ice/Necr       Unusable   N/A       N/A         6

Dungeon Overview and Level Annotations

Branches:
Dungeon (15/15) Zot: 4526  Temple (1/1) D:7 Zot: 448    Lair (5/5) D:10 Zot: 1091
 Shoals (4/4) Lair:2 Zot: 1504   Snake (4/4) Lair:3 Zot: 350   Slime (5/5) Lair:4 Zot: 1488
    Orc (1/2) D:10 Zot: 590  Depths (4/4) D:15 Zot: 1054     Zot (2/5) Depths:4 Zot: 935
Gauntlet (visited)
 Vaults: D:13-14

Altars:
Ashenzari
Cheibriados
Dithmenos
Fedhas
Gozag
Hepliaklqana
Kikubaaqudgha
Makhleb
Okawaru
Qazlal
Sif Muna
Trog
Uskayaw
Wu Jian
Xom
Yredelemnul
Zin
Jiyva

Shops:
D:4 *   D:5 [   D:7 [   Shoals:1 (   Shoals:4 *   Snake:1 :   Snake:3 (

Portals:
Hell: Depths:2
Abyss: Depths:1 Depths:3
Pandemonium: Depths:2

Annotations:
D:3 Terence
D:4 Pikel
Shoals:2 Polyphemus
Shoals:3 3 runed translucent doors, 3vaSophia's ghost, journeyman DsGl; Bityczex's ghost, adept DEFE
Snake:3 2 transporters, Liforeniyw's ghost, adept MiBe


Innate Abilities, Weirdness & Mutations

You passively map a large area around you.
You are easily found by Zot.
You glow in the dark.
You regain HP and MP as you explore.
Potions are less effective at restoring your health.


Message History

The golden dragon completely misses you.
Throw: 4 javelins
Press: ? - help, Q - select action, (/) - cycle Shift-Dir - straight line, f/p - golden dragon
Aim: a golden dragon (heavily wounded, berserk, 85% to hit)
You throw a javelin.
The javelin pierces through the golden dragon!
The golden dragon is heavily wounded.
Throw: 3 javelins
Press: ? - help, Q - select action, (/) - cycle Shift-Dir - straight line, f/p - golden dragon
Aim: a golden dragon (heavily wounded, berserk, 85% to hit)
You throw a javelin.
The javelin pierces through the golden dragon!!
The golden dragon is severely wounded.
The golden dragon misses you.
The golden dragon claws you but does no damage.
You block the golden dragon's attack.
Throw: 2 javelins
Press: ? - help, Q - select action, (/) - cycle Shift-Dir - straight line, f/p - golden dragon
Aim: a golden dragon (severely wounded, berserk, 85% to hit)
You throw a javelin.
The javelin pierces through the golden dragon!
The golden dragon is severely wounded.
The golden dragon bites you but does no damage.
The golden dragon claws you but does no damage.
You block the golden dragon's attack.
Throw: javelin
Press: ? - help, Q - select action, (/) - cycle Shift-Dir - straight line, f/p - golden dragon
Aim: a golden dragon (severely wounded, berserk, 85% to hit)
You throw a javelin.
The javelin pierces through the golden dragon but does no damage.
The golden dragon is severely wounded.
Throw: 8 javelins (silver)
Press: ? - help, Q - select action, (/) - cycle Shift-Dir - straight line, f/p - golden dragon
Aim: a golden dragon (severely wounded, berserk, 85% to hit)
You throw a silver javelin.
The silver javelin pierces through the golden dragon!!!
The golden dragon is almost dead.
The golden dragon bites you!!
You die...
Okawaru crowns the golden dragon victorious!

###########
#....ppp..#
#.▓▓▓▓▓▓▓p#
#.▓.....▓p#
#p▓.....▓▓#
#p▓..D..▓∩#
#p▓...@.▓▓#
#p▓.....▓p#
#.▓▓▓▓▓▓▓.#
#..ppppp..#
###########


You could see a golden dragon (berserk).

Vanquished Creatures
  the Royal Jelly (Slime:5)
  Bai Suzhen (Depths:1)
  A golden dragon (Zot:2)
  An electric golem (Depths:4)
  A tentacled monstrosity (Zot:2)
  A lich (Depths:4)
  16 acid blobs
  A kraken (Shoals:1)
  A sphinx (Depths:2)
  Kirke (D:13)
  3 storm dragons
  3 shadow dragons
  11 azure jellies
  3 fire giants
  12 rockslimes
  2 draconian knights
  3 frost giants
  A cacodemon (Gauntlet)
  A ghost moth (Zot:2)
  A draconian shifter (Zot:1)
  A balrug (Depths:2)
  3 very ugly things (Depths:2)
  4 stone giants
  A draconian annihilator (Depths:4)
  11 quicksilver oozes
  A green draconian (Depths:4)
  6 yellow draconians (Depths:4)
  3 red draconians
  A deep elf demonologist (Depths:1)
  A vampire knight (Depths:4)
  3 black draconians
  3 purple draconians
  A minotaur (Gauntlet)
  2 white draconians (Depths:4)
  3 ettins
  3 merfolk impalers (Shoals:4)
  3 fire dragons
  3 merfolk javelineers (Shoals:4)
  4 great orbs of eyes (Slime:5)
  3 ice dragons
  A yaktaur captain (Depths:4)
  4 hydras
  5 salamander tyrants
  3 boulder beetles
  A spriggan air mage (Depths:4)
  A merfolk avatar (Shoals:4)
  5 two-headed ogres
  An alligator snapping turtle (Shoals:4)
  6 centaur warriors
  6 anacondas
  A merfolk aquamancer (Shoals:4)
  2 dancing weapons (D:13)
  6 naga warriors
  4 death yaks (Lair:5)
  4 deep troll earth magi (Depths:2)
  4 deep troll shamans (Depths:2)
  2 tengu warriors
  A vampire mage (Depths:2)
  A satyr (Shoals:4)
  3 naga sharpshooters
  6 shock serpents
  A hell knight (Depths:4)
  An iron troll (Depths:1)
  A fire crab (Lair:5)
  A soul eater (Depths:2)
  10 skeletal warriors
  8 salamander mystics
  5 glowing orange brains
  8 sea snakes
  3 deep trolls (Depths:2)
  A flayed ghost (Depths:2)
  2 naga ritualists
  2 orc knights
  A wizard (Depths:1)
  8 harpies
  3 lindwurms (Snake:4)
  A necromancer (Depths:2)
  A deep elf pyromancer (D:15)
  16 mana vipers
  3 oklob plants (Lair:4)
  3 cyclopes
  11 fauns
  An ugly thing (Depths:2)
  3 shining eyes
  16 salamanders
  11 manticores
  3 moths of wrath
  9 merfolk sirens
  12 naga magi
  7 guardian serpents
  A torpor snail (shapeshifter) (Depths:2)
  12 black mambas
  12 elephants
  3 eyes of devastation
  A gargoyle (D:9)
  4 water nymphs
  5 unseen horrors (Depths:3)
  5 komodo dragons
  6 cane toads
  2 rime drakes
  A kobold demonologist (D:10)
  An ice devil (Depths:2)
  A red devil (Depths:2)
  13 merfolk
  A troll (D:13)
  2 wind drakes
  12 blink frogs
  3 polar bears
  56 slime creatures
  6 snapping turtles
  6 dream sheep (Lair:5)
  4 water elementals
  A shadow (D:10)
  36 yaks
  4 wyverns
  7 flying skulls (Gauntlet)
  2 wraiths
  A vampire (D:10)
  3 hogs (D:13)
  8 basilisks
  4 golden eyes (Slime:5)
  2 steam dragons
  2 vampire mosquitoes (D:14)
  3 humans (D:13)
  4 chaos spawn
  21 nagas
  3 small abominations (Depths:3)
  7 water moccasins
  A warg (D:10)
  An acid dragon (D:10)
  An orc warrior (D:8)
  6 black bears
  An ice beast (D:7)
  19 wolves
  4 large abominations (Depths:3)
  12 centaurs
  5 phantoms
  4 bullfrogs
  A necrophage (D:6)
  3 wights (D:8)
  2 troll zombies (D:10)
  5 killer bees (D:9)
  A howler monkey (D:6)
  A jelly (D:5)
  2 orc priests
  8 orc wizards
  2 iguanas (D:4)
  4 ogre zombies (D:10)
  6 adders
  8 gnolls
  A shadow imp (D:7)
  3 white imps
  A worm (D:3)
  23 orcs
  4 endoplasms
  3 giant cockroaches
  3 goblins
  A quokka (D:3)
  4 ball pythons
  2 goblin skeletons (D:10)
  3 hobgoblin skeletons (D:10)
  2 kobolds (D:4)
  4 orc skeletons (D:10)
  9 orc zombies (D:10)
  A rat (D:3)
  3 tentacles (Shoals:1)
773 creatures vanquished.

Vanquished Creatures (others)
  An orc (D:7)
  A bush (Lair:5)
  19 fungi
  47 plants
  2 tentacles (Shoals:1)
  5 toadstools (Depths:2)
75 creatures vanquished.

Grand Total: 848 creatures vanquished

Notes
Turn   | Place    | Note
-------+----------+-------------------------------------------
     0 | D:5      | freelancePsychic the Meteoran Delver began the quest for
                  | the Orb.
     0 | D:5      | Reached XP level 1. HP: 19/19 MP: 2/2
     2 | D:5      | Identified the +8 short sword of Skirmishing {pain, rC+ rN+
                  | Str+8 Int+4}
    21 | D:5      | Noticed a phantom
    33 | D:5      | Noticed a jelly
    44 | D:5      | Noticed a black bear
    65 | D:4      | Killed a phantom
    66 | D:4      | Reached XP level 2. HP: 23/28 MP: 3/3
    66 | D:4      | Reached XP level 3. HP: 28/34 MP: 4/4
    66 | D:4      | Reached XP level 4. HP: 34/41 MP: 5/5
   131 | D:4      | Reached XP level 5. HP: 40/47 MP: 6/6
   188 | D:4      | Noticed Pikel
   188 | D:4      | Noticed a lemure
   264 | D:3      | Noticed Terence
   265 | D:3      | Found a faded altar of an unknown god.
   269 | D:3      | Found a broken altar of Ashenzari.
   275 | D:3      | Reached XP level 6. HP: 55/55 MP: 7/7
   375 | D:3      | Reached skill level 5 in Fighting
   489 | D:4      | Found a glowing silver altar of Zin.
   520 | D:4      | Found a stormy altar of Qazlal.
   642 | D:4      | Found Zaorghaca's Assorted Antiques.
   654 | D:4      | Reached skill level 5 in Short Blades
   654 | D:4      | Reached XP level 7. HP: 41/61 MP: 8/8
   659 | D:4      | Bought a scroll labelled ANNEMO CEEZY for 22 gold pieces
   659 | D:4      | Bought a scroll labelled POWKEBIZAKK for 22 gold pieces
   750 | D:5      | Found Rypaeg's Armour Shoppe.
   776 | D:5      | Bought a +0 kite shield for 45 gold pieces
   816 | D:5      | Reached XP level 8. HP: 44/70 MP: 9/9
  1019 | D:6      | Reached skill level 1 in Shields
  1068 | D:7      | Identified the +8 falchion of Omiskih {vorpal, Fly rElec
                  | rF++ Int-5}
  1089 | D:7      | Found a staircase to the Ecumenical Temple.
  1240 | D:7      | Found Owasahic's Armour Emporium.
  1592 | Temple   | Entered the Ecumenical Temple
  1685 | Temple   | Became a worshipper of Warmaster Okawaru
  1758 | D:8      | Found a hazy altar of Hepliaklqana.
  1769 | D:8      | Noticed a steam dragon
  1779 | D:8      | Killed a steam dragon
  1780 | D:8      | Reached skill level 1 in Invocations
  1780 | D:8      | Gained mutation: You passively map the area around you.
                  | [Meteoran growth]
  1780 | D:8      | Reached XP level 9. HP: 58/78 MP: 10/10
  1835 | D:9      | Noticed a two-headed ogre
  1836 | D:9      | Identified a scroll of acquirement
  1836 | D:9      | Acquired 599 gold pieces
  1862 | D:8      | Reached * piety under Okawaru
  1873 | D:8      | Reached skill level 5 in Long Blades
  1931 | D:9      | Killed a two-headed ogre
  1931 | D:9      | Reached ** piety under Okawaru
  2002 | D:9      | Reached XP level 10. HP: 75/88 MP: 14/14
  2008 | D:9      | Reached skill level 5 in Shields
  2062 | D:9      | Noticed a gargoyle
  2080 | D:9      | Killed a gargoyle
  2080 | D:9      | Reached *** piety under Okawaru
  2081 | D:9      | Reached skill level 5 in Invocations
  2106 | D:10     | Entered Level 10 of the Dungeon
  2148 | D:10     | Noticed a two-headed ogre
  2163 | D:10     | Killed a two-headed ogre
  2174 | D:10     | Noticed a two-headed ogre
  2213 | D:10     | Killed a two-headed ogre
  2213 | D:10     | Reached **** piety under Okawaru
  2270 | D:10     | Found a staircase to the Orcish Mines.
  2275 | D:10     | Received a gift from Okawaru
  2280 | D:10     | Reached XP level 11. HP: 80/97 MP: 16/16
  2307 | D:10     | Reached skill level 10 in Long Blades
  2345 | Orc:1    | Entered Level 1 of the Orcish Mines
  2347 | Orc:1    | Noticed an orc knight
  2350 | Orc:1    | Noticed an orc knight
  2385 | D:10     | Noticed a two-headed ogre
  2484 | D:10     | Noticed a sun demon
  2528 | D:10     | Found a staircase to the Lair.
  2545 | Lair:1   | Entered Level 1 of the Lair of Beasts
  2660 | Lair:1   | Noticed a four-headed hydra
  2681 | Lair:1   | Killed a four-headed hydra
  2681 | Lair:1   | Reached ***** piety under Okawaru
  2883 | Lair:2   | Noticed a boulder beetle
  2919 | Lair:2   | Killed a boulder beetle
  2919 | Lair:2   | Received a gift from Okawaru
  2920 | Lair:2   | Reached skill level 10 in Fighting
  3086 | D:10     | Killed an orc knight
  3087 | D:10     | Reached XP level 12. HP: 56/107 MP: 8/17
  3092 | D:10     | Killed a two-headed ogre
  3176 | D:11     | Noticed a four-headed hydra
  3196 | D:11     | Killed a four-headed hydra
  3197 | D:11     | Reached skill level 1 in Throwing
  3200 | D:11     | Noticed a tengu warrior
  3201 | D:11     | Found a gate leading to a gauntlet.
  3214 | D:11     | Killed a tengu warrior
  3219 | Gauntlet | Entered a Gauntlet
  3219 | Gauntlet | Found a transporter.
  3222 | Gauntlet | Found a transporter.
  3223 | Gauntlet | Found a transporter.
  3238 | Gauntlet | Found a transporter.
  3254 | Gauntlet | Found a transporter.
  3255 | Gauntlet | Noticed a cacodemon
  3268 | Gauntlet | Found a transporter.
  3271 | Gauntlet | Noticed a hell beast
  3281 | Gauntlet | Found a transporter.
  3351 | Gauntlet | Reached skill level 2 in Throwing
  3368 | Gauntlet | Reached skill level 3 in Throwing
  3593 | Gauntlet | Identified the +2 pair of boots "Camm" {rPois rCorr Int-4}
  3616 | Gauntlet | Killed a cacodemon
  3617 | Gauntlet | Reached skill level 5 in Dodging
  3736 | Gauntlet | Glimpsed the power of Zot.
  3760 | Gauntlet | Noticed a minotaur
  3773 | Gauntlet | Killed a minotaur
  3774 | Gauntlet | Reached skill level 4 in Throwing
  3934 | D:7      | Bought +2 swamp dragon scales for 930 gold pieces
  4129 | Lair:2   | Reached skill level 1 in Armour
  4130 | Lair:2   | Identified the +5 scimitar "Zacig" {vamp, rF+ rC++ Str+5}
                  | (Okawaru gifted it to you on level 2 of the Lair of Beasts)
  4130 | Lair:2   | Received a gift from Okawaru
  4188 | Lair:3   | Reached XP level 13. HP: 106/116 MP: 18/18
  4395 | Lair:3   | Received a gift from Okawaru
  4396 | Lair:3   | Reached skill level 5 in Armour
  4426 | Lair:2   | Found a blossoming altar of Fedhas.
  4528 | Lair:3   | Reached skill level 5 in Throwing
  4537 | Lair:3   | Reached ****** piety under Okawaru
  4567 | Lair:3   | Identified the +0 chain mail of Fanaticism {rN+ Str+6 Int-5
                  | Dex+2} (Okawaru gifted it to you on level 3 of the Lair of
                  | Beasts)
  4567 | Lair:3   | Received a gift from Okawaru
  4612 | Lair:3   | Reached skill level 6 in Throwing
  4693 | Lair:4   | Identified the ring "Cofuu" {Slay+3 SInv}
  4730 | Lair:5   | Entered Level 5 of the Lair of Beasts
  4732 | Lair:5   | Noticed a death yak
  4754 | Lair:4   | Reached skill level 7 in Throwing
  4878 | Lair:5   | Reached XP level 14. HP: 126/129 MP: 19/19
  5087 | Lair:5   | Reached skill level 8 in Throwing
  5155 | Lair:5   | Received a gift from Okawaru
  5267 | Lair:3   | Found a staircase to the Snake Pit.
  5287 | Lair:3   | Reached skill level 9 in Throwing
  5289 | Snake:1  | Entered Level 1 of the Snake Pit
  5381 | Snake:1  | Received a gift from Okawaru
  5445 | Snake:1  | Reached skill level 10 in Armour
  5461 | Snake:1  | Found Buloisai's Self-Improvement Boutique.
  5658 | Snake:2  | Reached skill level 10 in Throwing
  5671 | Snake:2  | Reached XP level 15. HP: 139/139 MP: 20/20
  5927 | Snake:2  | Received a gift from Okawaru
  6099 | Snake:3  | Received a gift from Okawaru
  6120 | Snake:3  | Found a transporter.
  6134 | Snake:3  | Received a gift from Okawaru
  6141 | Snake:3  | Noticed Liforeniyw's ghost (adept MiBe)
  6144 | Snake:3  | Reached skill level 10 in Dodging
  6145 | Snake:3  | Found a transporter.
  6153 | Snake:3  | Reached skill level 15 in Fighting
  6321 | Snake:3  | Reached skill level 11 in Throwing
  6349 | Snake:3  | Identified the +2 helmet "Kootzoim" {Rampage rPois rC-
                  | Str-2} (Okawaru gifted it to you on level 3 of the Snake
                  | Pit)
  6349 | Snake:3  | Received a gift from Okawaru
  6462 | Snake:3  | Found Daenasos's Weapon Emporium.
  6492 | Snake:4  | Entered Level 4 of the Snake Pit
  6702 | Snake:4  | Reached XP level 16. HP: 97/149 MP: 21/21
  6830 | Snake:4  | Received a gift from Okawaru
  6831 | Snake:4  | Reached skill level 12 in Throwing
  6872 | Snake:4  | Identified the +9 crystal plate armour of Decompression
                  | {rElec rF- Int+5} (Okawaru gifted it to you on level 4 of
                  | the Snake Pit)
  6872 | Snake:4  | Received a gift from Okawaru
  7185 | Snake:4  | Got a serpentine rune of Zot
  7540 | Lair:2   | Found a staircase to the Shoals.
  7571 | Shoals:1 | Entered Level 1 of the Shoals
  7607 | Shoals:1 | Reached skill level 13 in Throwing
  7629 | Shoals:1 | Received a gift from Okawaru
  7631 | Shoals:1 | Noticed a kraken
  7653 | Shoals:1 | Killed a kraken
  7694 | Shoals:1 | Identified the +0 buckler "Sevi Tit" {Harm Dex+4} (Okawaru
                  | gifted it to you on level 1 of the Shoals)
  7694 | Shoals:1 | Received a gift from Okawaru
  7705 | Shoals:1 | Reached XP level 17. HP: 160/160 MP: 22/22
  7713 | Shoals:2 | Noticed Polyphemus
  7815 | Shoals:1 | Found Nimucku's Weapon Shop.
  7823 | Shoals:1 | Bought 4 silver javelins for 134 gold pieces
  8038 | Shoals:3 | Found a runed translucent gate.
  8039 | Shoals:3 | Found a runed translucent gate.
  8040 | Shoals:3 | Found a runed translucent gate.
  8041 | Shoals:3 | Noticed Bityczex's ghost (adept DEFE)
  8041 | Shoals:3 | Noticed 3vaSophia's ghost (journeyman DsGl)
  8066 | Shoals:3 | Reached skill level 14 in Throwing
  8182 | Shoals:4 | Entered Level 4 of the Shoals
  8245 | Shoals:4 | Identified the +2 robe of Xupus {rPois rCorr Stlth-}
  8346 | Shoals:4 | Found Eta Yrin's Assorted Antiques.
  8376 | Shoals:4 | Received a gift from Okawaru
  8420 | Shoals:4 | Got a barnacled rune of Zot
  8647 | Lair:4   | Identified the +10 quarterstaff "Taepae Paqa" {elec, Dex+6}
  8682 | Lair:4   | Found a staircase to the Slime Pits.
  8727 | Slime:1  | Entered Level 1 of the Pits of Slime
  8754 | Slime:1  | Reached skill level 15 in Throwing
  8827 | Slime:2  | Noticed an acid blob
  8827 | Slime:2  | Noticed an azure jelly
  8842 | Slime:1  | Killed an azure jelly
  8847 | Slime:2  | Killed an acid blob
  8848 | Slime:2  | Gained mutation: You passively map a large area around you.
                  | [Meteoran growth]
  8848 | Slime:2  | Reached XP level 18. HP: 171/171 MP: 17/23
  8849 | Slime:2  | Noticed an acid blob
  8857 | Slime:3  | Received a gift from Okawaru
  8871 | Slime:2  | Killed an acid blob
  8900 | Slime:2  | Gained mutation: Potions are less effective at restoring
                  | your health. [a shining eye]
  8922 | Slime:3  | Noticed an acid blob
  8926 | Slime:3  | Killed an acid blob
  8967 | Slime:3  | Received a gift from Okawaru
  8967 | Slime:3  | Found the +7 Kryia's mail coat {PotionHeal*2 rC+}
  9091 | Slime:2  | Noticed an acid blob
  9091 | Slime:2  | Noticed an acid blob
  9130 | Slime:2  | Killed an acid blob
  9131 | Slime:2  | Reached skill level 16 in Throwing
  9179 | Slime:4  | Noticed an acid blob
  9440 | Slime:4  | Killed an acid blob
  9503 | Slime:3  | Noticed an acid blob
  9503 | Slime:3  | Noticed an acid blob
  9599 | Slime:5  | Entered Level 5 of the Pits of Slime
  9610 | Slime:5  | Noticed an acid blob
  9615 | Slime:5  | Noticed an acid blob
  9619 | Slime:5  | Noticed an acid blob
  9798 | Slime:4  | Killed an acid blob
  9808 | Slime:4  | Killed an acid blob
  9877 | Slime:5  | Killed an acid blob
  9895 | Slime:5  | Found a viscous altar of Jiyva.
  9906 | Slime:5  | Noticed the Royal Jelly
  9914 | Slime:5  | Noticed an acid blob
  9914 | Slime:5  | Noticed an acid blob
  9920 | Slime:5  | Killed an acid blob
  9920 | Slime:5  | Noticed an acid blob
  9926 | Slime:5  | Noticed an acid blob
  9927 | Slime:5  | Killed the Royal Jelly
  9946 | Slime:5  | Noticed an acid blob
  9954 | Slime:5  | Killed an acid blob
  9963 | Slime:5  | Reached XP level 19. HP: 178/181 MP: 25/25
  9968 | Slime:5  | Noticed an acid blob
  9982 | Slime:5  | Killed an acid blob
  9983 | Slime:5  | Reached skill level 1 in Evocations
  9996 | Slime:5  | Found the +4 robe of Folly {Brilliance Will-∞ Int+8}
  9996 | Slime:5  | Found the +5 sword of Power {vorpal}
 10050 | Slime:5  | Identified the +1 ring mail of Prudence {rN++}
 10082 | Slime:5  | Got a slimy rune of Zot
 10112 | Slime:5  | Identified the +3 short sword of the Shining Light {vorpal,
                  | Str+3}
 10142 | Slime:5  | Killed an acid blob
 10193 | Slime:5  | Noticed an acid blob
 10205 | Slime:5  | Killed an acid blob
 10231 | Slime:5  | Killed an acid blob
 10243 | Slime:5  | Noticed an acid blob
 10255 | Slime:5  | Killed an acid blob
 10255 | Slime:5  | Received a gift from Okawaru
 10383 | Slime:5  | Killed an acid blob
 10463 | Slime:5  | Reached skill level 15 in Dodging
 10799 | D:13     | Noticed Kirke
 10818 | D:13     | Killed Kirke
 10895 | D:15     | Entered Level 15 of the Dungeon
 10966 | D:15     | Identified the +2 plate armour of Instinct {*Slow Int+9
                  | Slay+2} (Okawaru gifted it to you on level 15 of the
                  | Dungeon)
 10966 | D:15     | Received a gift from Okawaru
 11095 | D:15     | Reached skill level 10 in Shields
 11184 | D:15     | Found a staircase to the Depths.
 11193 | Depths:1 | Entered Level 1 of the Depths
 11244 | Depths:1 | Found a one-way gate to the infinite horrors of the Abyss.
 11263 | Depths:1 | Noticed Bai Suzhen
 11300 | Depths:1 | Killed Bai Suzhen
 11360 | Depths:1 | Reached skill level 17 in Throwing
 11416 | Depths:2 | Found a gateway to Hell.
 11494 | Depths:2 | Reached skill level 10 in Invocations
 11497 | Depths:2 | Found a one-way gate leading to the halls of Pandemonium.
 11580 | Depths:2 | Reached XP level 20. HP: 191/191 MP: 28/28
 11621 | Depths:2 | Paralysed by a sphinx for 3 turns
 11676 | Depths:2 | Got the Codex of Companions and the Oath
 11807 | Depths:2 | Received a gift from Okawaru
 11823 | Depths:2 | Reached skill level 18 in Throwing
 12030 | Depths:4 | Entered Level 4 of the Depths
 12032 | Depths:4 | Noticed a lich
 12045 | Depths:4 | Noticed a golden dragon
 12046 | Depths:4 | Killed a lich
 12223 | Depths:4 | Reached skill level 19 in Throwing
 12325 | Depths:4 | Received a gift from Okawaru
 12402 | Depths:4 | Found a gate to the Realm of Zot.
 12411 | Zot:1    | Entered Level 1 of the Realm of Zot
 12411 | Zot:1    | Noticed an electric golem
 12431 | Depths:4 | Received a gift from Okawaru
 12449 | Depths:4 | Reached skill level 20 in Throwing
 12788 | Depths:4 | Killed an electric golem
 12913 | Zot:2    | Noticed a tentacled monstrosity
 13002 | Zot:2    | Noticed a golden dragon
 13005 | Zot:2    | Noticed a tentacled monstrosity
 13014 | Zot:2    | Reached XP level 21. HP: 150/193 MP: 31/31
 13038 | Zot:2    | Killed a tentacled monstrosity
 13047 | Zot:2    | Killed a golden dragon
 13113 | Zot:2    | Noticed a golden dragon
 13135 | Zot:2    | Reached skill level 21 in Throwing
 13144 | Arena    | Entered the Arena
 13157 | Arena    | Mangled by a golden dragon

Illustrated notes

Levels and vault maps discovered:
D:3:      layout_basic, nicolae_overflow_ecumenical_swirl, uniq_terence
D:4:      layout_loops_ring, zin_academy, nicolae_qazlal_general_emergency,
          kennysheep_small_square, uniq_pikel
D:5:      layout_cave_pools, serial_shops, shop, serial_bayou_lake_a
D:6:      layout_loops_ring, nicolae_ru_awakened_eye,
          nicolae_vehumet_altar_sigil
D:7:      layout_gridville, minmay_temple_entry_from_below_a, serial_shops,
          nicolae_diamond_shop
D:8:      layout_loops_cross, nicolae_overflow_hidden_temple, eino_jars
D:9:      layout_rooms, lemuel_doored_altar, grunt_decor_cap, uniq_maurice
D:10:     layout_basic, erik_lair_dragon, zombieorc1_lemuel, serial_glass,
          glass_columns_a, glass_columns_a, glass_columns_a, glass_columns_b,
          glass_columns_c, glass_columns_b, hangedman_abyss_or_decor_slice,
          minivault_5
D:11:     layout_rooms, gauntlet_entry_generic, chequers_serial_rivers_small_b,
          hangedman_batty
D:12:     layout_roguey
D:13:     layout_basic, erik_vaults_1, uniq_lodul, uniq_kirke, uniq_azrael
D:14:     layout_loops_corners, serial_bayou_pond_a, gammafunk_ghost_icy,
          nicolae_diode_intersection
D:15:     hangedman_slaughterboxes
Temple:   regret_index_temple_generic_petals
Lair:1:   layout_roguey, chequers_serial_rivers_small_a
Lair:2:   layout_roguey, elwin_shoals_entry_rocks, basic_altar,
          beast_lair_carwin_7, grunt_megastairs_4
Lair:3:   layout_long_grid, dummy_snake_entry
Lair:4:   layout_misc_corridors, minmay_slime_entry_oklob_open, basic_altar,
          grunt_megastairs_3
Lair:5:   cheibrodos_lair_end_hotspot, layout_cave_pods
Shoals:1: layout_shoals, serial_shops, nicolae_shop_trees
Shoals:2: layout_shoals, st_shoals_ruin, uniq_polyphemus
Shoals:3: layout_shoals, gammafunk_ghost_cemetery, uniq_mlioglotl
Shoals:4: shoals_end_simple, layout_shoals, serial_shops,
          nicolae_shop_statue_plus
Snake:1:  layout_layer_cave, nicolae_snake_serpentine_hallways,
          nicolae_shop_self_help
Snake:2:  layout_chambers, st_stairs_13
Snake:3:  layout_concentric_octagons, gammafunk_ghost_arena, serial_shops, shop,
          nicolae_snake_gridmaze_entwining, hangedman_snake_corridor_split
Snake:4:  snake_pit_salamanders_mu, layout_cave_town, serial_shops,
          nicolae_shop_behind_doors, uniq_louise
Slime:1:  layout_caves, cheibrodos_slime_lost_civilization_6
Slime:2:  layout_caves
Slime:3:  layout_caves, nicolae_slime_welcoming_committee
Slime:4:  cheibrodos_slime_lost_civilization_3, layout_caves
Slime:5
Orc:1:    layout_caves, serial_shops, shop, minmay_orc_temple_c, uniq_erolcha
Depths:1: layout_basic, enter_ziggurat_d,
          nicolae_abyss_entry_one_way_or_another, hangedman_decor_growths,
          grunt_mini_vestibule, kennysheep_generic_room_8, uniq_bai_suzhen
Depths:2: nicolae_hexawheel, layout_cave_pools, rand_demon_pan_entry_1,
          hell_entry, serial_bayou_ford_a, minmay_gold_behind_fungi,
          infiniplex_staircase_zigzag_4
Depths:3: minmay_expanding_squares, layout_gridlike,
          nicolae_kite_square_tiling_large, minmay_room_of_horrors, hell_entry,
          infiniplex_staircase_pool_2, uniq_jory
Depths:4: grunt_zot_entry_gee_three, layout_cave_pools, abyss_entry,
          ebering_dispersal_statue_hall, hangedman_coc_ice_floe, special_room
          [special_room_jelly], serial_bayou_crossing
Zot:1:    layout_misc_corridors, nicolae_shop_clearance
Zot:2:    gammafunk_its_a_trap, layout_cellular_growth, hellmonk_ghost_big_iron
Arena

Skill      XL: |  1  2  3  4  5  6  7  8  9 10 11 12 13 14 15 16 17 18 19 20 21 |
---------------+----------------------------------------------------------------+-----
Fighting       | 4 5 6 7 9 10 11 13 14 15 16 17 18 19 | 19.3
Short Blades   | 2 3 5 6 7 |  7.3
Shields        | 3 4 6 8 9 10 | 10.0
Long Blades    | 4 7 9 12 13 | 13.1
Invocations    | 1 4 6 7 10 12 | 12.0
Dodging        | 3 6 7 9 10 11 12 14 15 | 15.1
Throwing       | 4 7 10 11 13 15 16 17 20 21 | 21.0
Armour         | 2 7 10 12 13 14 | 14.6
Evocations     | 3 |  3.8
Stealth        | |  3.7

Action                   |  1- 3 |  4- 6 |  7- 9 | 10-12 | 13-15 | 16-18 | 19-21 || total
-------------------------+-------+-------+-------+-------+-------+-------+-------++-------
Melee: Short sword       |     5 |   102 |    90 |    33 |    10 |     4 |       ||   244
       Punch             |       |     2 |       |       |       |       |       ||     2
       Falchion          |       |       |    86 |   305 |       |       |       ||   391
       Scimitar          |       |       |       |    27 |   889 |  1049 |  1336 ||  3301
Throw: Throwing net      |       |       |     2 |       |       |       |       ||     2
       Dart              |       |       |       |     2 |       |       |     1 ||     3
       Boomerang         |       |       |       |       |    45 |   131 |     8 ||   184
       Javelin           |       |       |       |       |     5 |    46 |    26 ||    77
Invok: Heroism           |       |       |     1 |    15 |    10 |    21 |    26 ||    73
       Finesse           |       |       |       |     6 |     3 |    13 |    15 ||    37
       Duel              |       |       |       |       |       |       |     1 ||     1
Evoke: Wand              |       |     1 |       |     1 |     2 |     6 |     5 ||    15
       Condenser vane    |       |       |       |       |       |       |     1 ||     1
  Use: Scroll            |     1 |     1 |     4 |    13 |     9 |    15 |    10 ||    53
       Potion            |     1 |       |     3 |     2 |       |     3 |     4 ||    13
 Stab: Sleeping          |       |     1 |       |     2 |       |       |       ||     3
Armor: Leather armour    |       |    13 |    34 |    31 |       |       |       ||    78
       Steam dragon scal |       |       |       |    40 |       |       |       ||    40
       Swamp dragon scal |       |       |       |    10 |   399 |   357 |   178 ||   944
       Crystal plate arm |       |       |       |       |       |     3 |       ||     3
       Storm dragon scal |       |       |       |       |       |       |   345 ||   345
Dodge: Dodged            |     3 |    33 |    77 |   120 |   431 |   549 |   669 ||  1882
Block: Kite shield       |       |       |    23 |   191 |   632 |   780 |   917 ||  2543
